Cogmind - Beta 10.2 @@@ ROGUE MODE // 2021.02.06 @ 21:12:58 Player: David Result: Destroyed by AW-PCG(z) with Zionite Laser-S Performance ------------- Evolutions (4) 2000 Regions Visited (11) 2200 Robots Destroyed (118) 590 Value Destroyed (5110) 5110 Prototype IDs (4) 80 Alien Tech Used (0) 0 Bonus (2460) 2460 TOTAL SCORE: 12440 Bonus ------- High Alert Combat Kills 946 Follower Combat Kills 556 Entered Garrisons 400 Used RIF Installer 1000 Friendly Fire -442 Cogmind --------- Core Integrity 0/850 Matter 155/300 Energy 200/200 System Corruption 5% Temperature Cool (18) Movement Walking (160) Ox1 Location -6/Deep Caves Parts ------- > --- POWER (1) -------- Cold Fusion Reactor > --- PROPULSION (3) --- Improved Titanium Leg > --- UTILITY (9) ------ Medium Storage Unit Medium Storage Unit Advanced Signal Interpreter Makeshift Hacking Suite Makeshift System Shield Mobile Refinery Mk. CCLXVII Hacking Drone Bay (1/1) > --- WEAPON (2) ------- Flak Gun > --- INVENTORY (12) --- Makeshift Hacking Suite Makeshift System Shield Relay Coupler [Swarmer] (42) Relay Coupler [Demolisher] (25) Remote Datajack Enhanced Flamer Peak State ------------ > --- POWER ------------ Cold Fusion Reactor > --- PROPULSION ------- Carbon-fiber Leg Improved Carbon-fiber Leg Makeshift Leg > --- UTILITY ---------- Medium Storage Unit Makeshift Sensor Array Advanced Signal Interpreter Improved Transmission Jammer Mobile Refinery Mk. CCLXVII Hacking Drone Bay Heart of Steel > --- WEAPON ----------- High-powered Shotgun Heavy Machine Gun > --- INVENTORY -------- Carbon-fiber Leg Makeshift Hacking Suite Makeshift System Shield Relay Coupler [Swarmer] Relay Coupler [Demolisher] Long-range Missile Launcher Remote Datajack Fire Trap [Rating: 80] Favorites ----------- Power Cold Fusion Reactor Engine Improved Deuterium Engine Power Core Light Nuclear Core Reactor Cold Fusion Reactor Propulsion Carbon-fiber Leg Leg Carbon-fiber Leg Wheel Compact Wheel Flight Unit Cesium-ion Thruster Utility Medium Storage Unit Device Improved Transmission Jammer Storage Medium Storage Unit Processor Targeting Computer Hackware Relay Coupler [NC] Protection Medium Armor Plating Weapon High-powered Shotgun Energy Gun Plasma Rifle Ballistic Gun High-powered Shotgun Ballistic Cannon Advanced Assault Cannon Launcher Long-range Missile Launcher Special Weapon Remote Datajack Build | -11 -10 -9 -8 -7 -7 -6 -6 -6 -6 -6 -6 ------- Run | Scr Mat Mat Mat Fac Gar Fac Gar Fac Low Zio Dee Slots Evolved 8 | . . 2 2 2 . 2 . . . . . Power . | . . . . . . . . . . . . Propulsion 1 | . . . 1 . . . . . . . . Utility 7 | . . 2 1 2 . 2 . . . . . Weapon . | . . . . . . . . . . . . Parts Attached 164 | 6 3 11 7 4 25 46 19 7 14 17 5 Power 18 | 1 1 2 1 1 5 6 . . 1 . . Engine 11 | 1 1 2 . 1 2 4 . . . . . Core 5 | . . . 1 . 3 1 . . . . . Reactor 2 | . . . . . . 1 . . 1 . . Propulsion 32 | 4 . 2 2 . 6 8 5 . . 5 . Treads . | . . . . . . . . . . . . Leg 27 | 2 . 2 1 . 6 6 5 . . 5 . Wheel 4 | 2 . . . . . 2 . . . . . Hover . | . . . . . . . . . . . . Flight 1 | . . . 1 . . . . . . . . Utility 46 | 1 . 5 2 3 3 14 5 3 3 7 . Device 15 | . . 1 . 1 1 3 2 2 2 3 . Storage 4 | 1 . 1 . . . 1 . . . 1 . Processor 7 | . . . 1 . . 4 1 . . 1 . Hackware 11 | . . . 1 1 . 4 1 1 1 2 . Protection 9 | . . 3 . 1 2 2 1 . . . . Artifact . | . . . . . . . . . . . . Weapon 68 | . 2 2 2 . 11 18 9 4 10 5 5 Energy Gun 9 | . . . 1 . 1 4 3 . . . . Energy Cannon . | . . . . . . . . . . . . Ballistic Gun 30 | . 2 2 1 . 6 6 4 1 5 2 1 Ballistic Cannon 2 | . . . . . 2 . . . . . . Launcher 14 | . . . . . 2 3 2 2 2 1 2 Special Weapon 13 | . . . . . . 5 . 1 3 2 2 Impact Weapon . | . . . . . . . . . . . . Slashing Weapon . | . . . . . . . . . . . . Piercing Weapon . | . . . . . . . . . . . . Special Melee Weapon . | . . . . . . . . . . . . Unidentified Prototypes 4 | . . . . . . 1 . . 1 2 . Parts Lost 55 | . . . 1 . 21 10 11 2 . 6 4 Power 7 | . . . . . 3 4 . . . . . Propulsion 16 | . . . . . 7 2 4 . . 1 2 Utility 19 | . . . 1 . 6 2 4 1 . 4 1 Weapon 13 | . . . . . 5 2 3 1 . 1 1 Highest Loss Streak 6 | . . . 1 . 6 3 3 2 . 2 3 Average Slot Usage (%) 84 | . 85 94 93 92 70 81 89 85 86 83 91 Engine 2 | . 14 11 6 2 3 2 . . . . . Reactor 3 | . . . . . . 1 6 6 6 6 6 Leg 17 | . . 20 20 23 14 13 19 20 20 18 18 Wheel 1 | . 28 1 . . . 2 . . . . . Device 15 | . . 10 9 13 3 6 13 16 25 28 19 Storage 7 | . 14 11 9 7 7 6 6 6 6 6 13 Processor 8 | . . . 9 7 6 16 14 20 8 6 6 Hackware 6 | . . . 7 13 9 12 7 2 5 2 13 Protection 3 | . . 17 10 3 4 3 8 . . . . Energy Gun 1 | . . . 2 . . 4 4 1 . . . Ballistic Gun 10 | . 28 22 14 15 10 6 6 6 10 11 5 Naked Turns . | . . . . . . . . . . . . Heaviest Build 57 | 7 13 34 34 37 47 47 57 34 44 50 47 Greatest Support 55 | 26 26 34 49 49 51 55 55 45 45 53 53 Greatest Overweight (x) 2 | . . . . . 2 2 1 . . 1 1 Average Overweight (x) . | . . . . . . . . . . . . Largest Inventory Capacity 12 | 6 6 8 8 8 8 12 8 8 8 12 12 Average Capacity 8 | 5 6 6 8 8 8 8 8 8 8 8 12 Most Carried 8 | 4 6 6 8 8 8 8 8 8 8 8 8 Average Carried 7 | 3 3 5 7 7 7 6 7 6 7 7 7 Final Capacity 12 | 6 6 8 8 8 8 8 8 8 8 12 12 Final Carried 8 | 4 5 6 8 8 8 8 8 7 8 8 6 Class Distribution -------------------- 46% | Scavenger-Mutant 33% | Mutant 9% | Commander-Mutant 5% | Hacker-Mutant 5% | Bothacker-Mutant Dominant Class ---------------- Mutant | -10/Materials Mutant | -9/Materials Mutant | -8/Materials Mutant | -7/Factory Scavenger-Mutant | -7/Garrison Mutant | -6/Factory Bothacker-Mutant | -6/Garrison Scavenger-Mutant | -6/Factory Commander-Mutant | -6/Lower Caves Scavenger-Mutant | -6/Zion Scavenger-Mutant | -6/Deep Caves Resources | -11 -10 -9 -8 -7 -7 -6 -6 -6 -6 -6 -6 ----------- Run | Scr Mat Mat Mat Fac Gar Fac Gar Fac Low Zio Dee Matter Collected 6903 | 202 174 528 86 . 1059 1030 643 86 619 2368 108 Remotely . | . . . . . . . . . . . . Salvage Created 4493 | . 205 781 181 . 823 1125 869 23 . 447 39 Parts 238 | . 10 43 11 . 42 47 49 2 . 34 . Haulers Intercepted 3 | . 1 2 . . . . . . . . . Recyclers Shooed 2 | . 1 . . . . 1 . . . . . Parts Field Recycled . | . . . . . . . . . . . . Retrieved Matter . | . . . . . . . . . . . . Parts Self-Destructed 2 | . . . . . . . . . 2 . . Prevented . | . . . . . . . . . . . . Kills | -11 -10 -9 -8 -7 -7 -6 -6 -6 -6 -6 -6 ------- Run | Scr Mat Mat Mat Fac Gar Fac Gar Fac Low Zio Dee Combat Hostiles Destroyed 90 | . 2 14 2 . 24 17 27 . . 3 1 Guns 63 | . 2 14 2 . 15 8 19 . . 3 . Cannons 7 | . . . . . 7 . . . . . . AOE 20 | . . . . . 2 9 8 . . . 1 Classes Destroyed 19 | . 4 2 2 . 2 3 2 1 . 2 1 Worker 3 | . 1 1 . . . 1 . . . . . Builder 1 | . . . . . . 1 . . . . . Hauler 3 | . 1 2 . . . . . . . . . Recycler 3 | . . . 1 . . 2 . . . . . Mechanic 2 | . 1 . . . . 1 . . . . . Watcher 1 | . . . . . . . . 1 . . . Swarmer 25 | . . . . . 10 . 15 . . . . Grunt 37 | . 2 9 . . 9 9 8 . . . . Brawler 2 | . . . . . 1 1 . . . . . Duelist 4 | . . 1 . . . 1 2 . . . . Protector 1 | . . . . . . 1 . . . . . Sentry 10 | . . 4 1 . 3 2 . . . . . Demolisher 1 | . . . . . . . 1 . . . . Hunter 2 | . . . 1 . 1 . . . . . . Programmer 3 | . . . . . . 3 . . . . . Behemoth 1 | . . . . . . . 1 . . . . Zionite 15 | . . . . . . . . . . 15 . Z-Light 1 | . . . . . . . . . . . 1 Tinkerer 3 | . . . . . . . . . . 3 . Thug 1 | . . . . . . . . . . 1 . Butcher 1 | . . . . . . . . . . 1 . Best Kill Streak 10 | . 4 3 2 . 4 4 10 1 . 4 1 Combat Bots Only 10 | . 2 3 1 . 4 4 10 . . 1 1 Max Kills in Single Turn 4 | . 1 2 1 . 2 4 4 1 . 1 1 Gunslinging . | . . . . . . . . . . . . Exploded 4 | . . . . . 2 4 4 . . . 1 Melee . | . . . . . . . . . . . . Uniques/NPCs Destroyed 1 | . . . . . . . . . . 1 . Imprinter (-6/Zion) Combat | -11 -10 -9 -8 -7 -7 -6 -6 -6 -6 -6 -6 -------- Run | Scr Mat Mat Mat Fac Gar Fac Gar Fac Low Zio Dee Damage Taken 8388 | . 74 465 224 . 3058 1262 1862 129 47 775 492 Core 1465 | . 10 80 26 . 486 299 256 30 . 101 177 Absorbed by Shields 1072 | . . 168 85 . 276 98 445 . . . . Core Remaining (%) 80 | 100 96 80 95 . 30 . . . . . . Volleys Fired 462 | . 17 62 13 . 102 69 91 9 18 76 5 Largest 2 | . 2 2 2 . 2 2 2 2 2 2 2 Hottest 118 | . 40 43 73 . 88 118 112 92 68 108 71 Shots Fired 780 | . 34 124 26 . 192 97 153 13 23 108 10 Gun 659 | . 34 124 26 . 130 75 144 11 9 101 5 Cannon 60 | . . . . . 60 . . . . . . Launcher 31 | . . . . . 2 7 9 . 4 5 4 Special 30 | . . . . . . 15 . 2 10 2 1 Kinetic 634 | . 34 124 17 . 189 54 94 7 9 101 5 Thermal 75 | . . . . . 1 19 50 4 . 1 . Explosive 31 | . . . . . 2 7 9 . 4 5 4 Electromagnetic 11 | . . . 9 . . 2 . . . . . Robot Hit Streak 24 | . 13 15 18 . 20 24 17 6 14 8 4 Robot Miss Streak 11 | . 3 3 4 . 6 6 4 1 2 11 8 Penetration Max 1 | . . . 1 . . . 1 . . . . Secondary Targets 5 | . . . . . 1 . 3 . . 1 . Max Gunslinging Chain 1 | . . . . . 1 . 1 . . 1 . Shots Hit Robots 550 | . 21 93 19 . 138 74 94 11 16 76 8 Core Hits 333 | . 9 34 6 . 72 84 61 4 9 44 10 Critical Hits 5 | . 1 . . . 4 . . . . . . Critical Kills 3 | . 1 . . . 2 . . . . . . Critical Parts Destroyed 2 | . . . . . 2 . . . . . . Melee Attacks . | . . . . . . . . . . . . Impact . | . . . . . . . . . . . . Slashing . | . . . . . . . . . . . . Piercing . | . . . . . . . . . . . . Sneak Attacks . | . . . . . . . . . . . . Combat Hostiles . | . . . . . . . . . . . . Follow-up Attacks . | . . . . . . . . . . . . Damage Inflicted 12611 | . 210 1264 361 . 2397 2914 3005 159 378 1585 338 Guns 8315 | . 210 1264 361 . 1647 1245 1995 159 123 1239 72 Cannons 617 | . . . . . 617 . . . . . . Explosions 3679 | . . . . . 133 1669 1010 . 255 346 266 Melee . | . . . . . . . . . . . . Ramming . | . . . . . . . . . . . . Kinetic 8035 | . 210 1264 215 . 2246 1123 1459 84 123 1239 72 Thermal 1311 | . . . . . 18 682 536 75 . . . Explosive 2714 | . . . . . 133 704 1010 . 255 346 266 Electromagnetic 551 | . . . 146 . . 405 . . . . . Impact . | . . . . . . . . . . . . Slashing . | . . . . . . . . . . . . Piercing . | . . . . . . . . . . . . Highest Corruption 5 | . . . . . 3 2 2 2 2 5 5 Average Corruption 3 | . . . . . 3 1 2 2 2 4 5 Corruption Purged . | . . . . . . . . . . . . Effects 122 | . . . . . 19 7 12 4 14 52 14 Message Errors 36 | . . . . . 3 3 4 1 8 16 1 Matter Fused 26 | . . . . . 6 . . . . 16 4 Heat Flow Errors 10 | . . . . . 1 1 1 1 2 2 2 Energy Discharges 18 | . . . . . 4 1 2 2 2 4 3 Parts Rejected 1 | . . . . . . . . . . 1 . Data Loss (minor) 13 | . . . . . 1 2 2 . 1 5 2 Data Loss (major) 2 | . . . . . . . . . . 1 1 Misfires 5 | . . . . . . . . . . 4 1 Targeting Errors 6 | . . . . . 2 . 1 . 1 2 . Weapon Failures 5 | . . . . . 2 . 2 . . 1 . Overload Shots . | . . . . . . . . . . . . Overflow Damage 202 | . . . . . 15 75 93 . 11 4 4 Projectiles . | . . . . . . . . . . . . Explosions 202 | . . . . . 15 75 93 . 11 4 4 Melee . | . . . . . . . . . . . . Knockbacks 5 | . . . . . 5 . . . . . . Impact . | . . . . . . . . . . . . Kinetic 5 | . . . . . 5 . . . . . . Secondary . | . . . . . . . . . . . . Self-Inflicted Damage 270 | . . . . . . 179 59 . . . 32 Shots 8 | . . . . . . 6 1 . . . 1 Rammed . | . . . . . . . . . . . . Targets Rammed . | . . . . . . . . . . . . Kicked . | . . . . . . . . . . . . Crushed . | . . . . . . . . . . . . Highest Temperature 239 | . 6 34 94 . 196 200 239 95 187 189 164 Average Temperature 39 | . 6 9 37 . 50 25 39 26 69 76 82 Received Heat Transfer 1937 | . 42 195 72 . 739 229 417 36 . 63 144 Siege Activations . | . . . . . . . . . . . . Robots Corrupted . | . . . . . . . . . . . . Combat Hostiles . | . . . . . . . . . . . . Parts Fried 5 | . . . . . . 5 . . . . . Impact Corruptions . | . . . . . . . . . . . . Robots Melted . | . . . . . . . . . . . . Combat Hostiles . | . . . . . . . . . . . . Parts Melted 4 | . . . . . . 1 . 1 . 2 . Heat Transferred 1657 | . . . . . 37 505 967 148 . . . Parts Sabotaged 4 | . . . . . . 4 . . . . . Parts Stolen . | . . . . . . . . . . . . Parts Stripped . | . . . . . . . . . . . . Power Chain Reactions 1 | . . . . . . 1 . . . . . Missiles Intercepted . | . . . . . . . . . . . . Alert | -11 -10 -9 -8 -7 -7 -6 -6 -6 -6 -6 -6 ------- Run | Scr Mat Mat Mat Fac Gar Fac Gar Fac Low Zio Dee Peak Influence 1192 | . 112 321 186 79 1071 676 1192 643 . . . Initial 625 | . . 46 85 79 56 562 443 625 . . . Average 538 | . 66 196 135 79 660 591 910 613 . . . Maximum Alert Level 4 | . . 1 . . 3 2 4 2 . . . Low Security (%) 22 | 100 100 44 100 100 15 . . . . . . Level 1 10 | . . 55 . . 7 . . . . . . Level 2 43 | . . . . . 25 99 17 100 . . . Level 3 20 | . . . . . 51 . 57 . . . . Level 4 3 | . . . . . . . 24 . . . . Level 5 . | . . . . . . . . . . . . High Security . | . . . . . . . . . . . . Max Security . | . . . . . . . . . . . . Squads Dispatched 12 | . 1 2 . . . 7 . 2 . . . Investigation 4 | . . 1 . . . 2 . 1 . . . Extermination 3 | . . . . . . 2 . 1 . . . Reinforcement 2 | . 1 1 . . . . . . . . . Assault 3 | . . . . . . 3 . . . . . Garrison . | . . . . . . . . . . . . Intercept . | . . . . . . . . . . . . Construction Impeded . | . . . . . . . . . . . . Haulers Reinforced . | . . . . . . . . . . . . Stealth | -11 -10 -9 -8 -7 -7 -6 -6 -6 -6 -6 -6 --------- Run | Scr Mat Mat Mat Fac Gar Fac Gar Fac Low Zio Dee Distress Signals . | . . . . . . . . . . . . Communications Jammed 11 | . . . . . . 8 3 . . . . Distress Signals 11 | . . . . . . 8 3 . . . . Times Spotted 207 | . 7 17 6 . 36 32 35 3 4 60 7 Peak Tracking Total 11 | . 2 2 4 . 10 6 11 2 3 3 4 Tactical Retreats 19 | . . . . . 6 1 4 . . 8 . Traps | -11 -10 -9 -8 -7 -7 -6 -6 -6 -6 -6 -6 ------- Run | Scr Mat Mat Mat Fac Gar Fac Gar Fac Low Zio Dee Traps Triggered 12 | . . . . . 6 2 2 2 . . . Indirectly . | . . . . . . . . . . . . Trap Hack Attempts . | . . . . . . . . . . . . Triggered . | . . . . . . . . . . . . Disarmed 6 | . . . . . . 6 . . . . . Reprogrammed . | . . . . . . . . . . . . Reused 5 | . . . . . . . . . . 5 . Traps Extracted . | . . . . . . . . . . . . Installed 7 | . . . . . . . . . . 5 2 Triggered 2 | . . . . . . . . . 2 . . Machines | -11 -10 -9 -8 -7 -7 -6 -6 -6 -6 -6 -6 ---------- Run | Scr Mat Mat Mat Fac Gar Fac Gar Fac Low Zio Dee Machines Disabled 16 | . 1 . . . 3 8 2 . 1 1 . Max in Single Turn 4 | . 1 . . . 1 4 1 . 1 . . Garrison Relay 5 | . . . . . 3 . 2 . . . . Machines Sabotaged . | . . . . . . . . . . . . Garrisons Compromised . | . . . . . . . . . . . . Overloaded Fab Kills . | . . . . . . . . . . . . Fab Network Shutdowns . | . . . . . . . . . . . . Hacking | -11 -10 -9 -8 -7 -7 -6 -6 -6 -6 -6 -6 --------- Run | Scr Mat Mat Mat Fac Gar Fac Gar Fac Low Zio Dee Machines Accessed 18 | . 1 5 3 1 . 6 . 1 1 . . Terminals 11 | . 1 4 3 . . 2 . 1 . . . Fabricators 1 | . . . . . . 1 . . . . . Repair Stations . | . . . . . . . . . . . . Recycling Units 2 | . . . . . . 2 . . . . . Scanalyzers 1 | . . 1 . . . . . . . . . Garrison Access 2 | . . . . 1 . 1 . . . . . Total Hacks 42 | . 2 15 7 2 . 13 . 2 1 . . Successful 28 | . 1 12 4 2 . 7 . 1 1 . . Failed 14 | . 1 3 3 . . 6 . 1 . . . Catastrophic 2 | . . . . . . 1 . 1 . . . Database Lockouts . | . . . . . . . . . . . . Manual 5 | . . . . . . . . . . 5 . Terminals 26 | . 2 11 7 . . 4 . 2 . . . Fabricators 2 | . . . . . . 2 . . . . . Repair Stations . | . . . . . . . . . . . . Recycling Units 5 | . . . . . . 5 . . . . . Scanalyzers 4 | . . 4 . . . . . . . . . Garrison Access 4 | . . . . 2 . 2 . . . . . Terminal Hacks 17 | . 1 8 4 . . 2 . 1 1 . . Robot Analysis 2 | . 1 1 . . . . . . . . . Open Door 1 | . . . . . . . . . 1 . . Level Access Points 2 | . . 1 1 . . . . . . . . Branch Access Points 1 | . . 1 . . . . . . . . . Scanalyzer Index 1 | . . 1 . . . . . . . . . Locate Traps 4 | . . 1 1 . . 1 . 1 . . . Disarm Traps 1 | . . . . . . 1 . . . . . Patrol Status 1 | . . 1 . . . . . . . . . Zone Layout 4 | . . 2 2 . . . . . . . . Fabricator Hacks 1 | . . . . . . 1 . . . . . Build 1 | . . . . . . 1 . . . . . Repair Station Hacks . | . . . . . . . . . . . . Recycling Unit Hacks 2 | . . . . . . 2 . . . . . Retrieve Matter 1 | . . . . . . 1 . . . . . Retrieve Components 1 | . . . . . . 1 . . . . . Scanalyzer 4 | . . 4 . . . . . . . . . Insert Component 2 | . . 2 . . . . . . . . . Analyze 2 | . . 2 . . . . . . . . . Garrison Access Hacks 4 | . . . . 2 . 2 . . . . . Unlock Access 2 | . . . . 1 . 1 . . . . . Coupler Status 2 | . . . . 1 . 1 . . . . . Unauthorized Hacks . | . . . . . . . . . . . . Terminals . | . . . . . . . . . . . . Fabricators . | . . . . . . . . . . . . Repair Stations . | . . . . . . . . . . . . Recycling Units . | . . . . . . . . . . . . Scanalyzers . | . . . . . . . . . . . . Garrison Access . | . . . . . . . . . . . . Data Cores Recovered . | . . . . . . . . . . . . Used . | . . . . . . . . . . . . Hacking Detections 11 | . 1 4 1 . . 4 . 1 . . . Full Trace Events 4 | . . 1 . . . 2 . 1 . . . Feedback Events . | . . . . . . . . . . . . Feedback Blocked . | . . . . . . . . . . . . Robot Schematics Acquired . | . . . . . . . . . . . . Robots Built 1 | . . . . . . 1 . . . . . Matter 219 | . . . . . . 219 . . . . . Time 116 | . . . . . . 116 . . . . . Total Robot Build Rating 3 | . . . . . . 3 . . . . . Part Schematics Acquired 2 | . . 2 . . . . . . . . . Parts Built . | . . . . . . . . . . . . Matter . | . . . . . . . . . . . . Time . | . . . . . . . . . . . . Total Part Build Rating . | . . . . . . . . . . . . Parts Repaired . | . . . . . . . . . . . . Time . | . . . . . . . . . . . . Parts Recycled . | . . . . . . . . . . . . Recycled Matter . | . . . . . . . . . . . . Retrieved Matter . | . . . . . . . . . . . . Retrieved Components 1 | . . . . . . 1 . . . . . Parts Scanalyzed 2 | . . 2 . . . . . . . . . Part Schematics Acquired 2 | . . 2 . . . . . . . . . Parts Damaged . | . . . . . . . . . . . . Bothacking | -11 -10 -9 -8 -7 -7 -6 -6 -6 -6 -6 -6 ------------ Run | Scr Mat Mat Mat Fac Gar Fac Gar Fac Low Zio Dee Used RIF Installer 2 | . . . . . 1 . 1 . . . . Threat Obfuscator 1 | . . . . . . . 1 . . . . Robots Hacked 15 | . . . . . . 10 . 2 2 1 . Non-combat 5 | . . . . . . 3 . . 2 . . Combat 10 | . . . . . . 7 . 2 . 1 . Robot Hacks Applied 16 | . . . . . . 11 . 2 2 1 . parse_system 2 | . . . . . . 1 . . . 1 . overwrite_iff 6 | . . . . . . 6 . . . . . streamctrl_low 2 | . . . . . . 2 . . . . . streamctrl_high 1 | . . . . . . 1 . . . . . formatsys_low 2 | . . . . . . . . . 2 . . formatsys_high 3 | . . . . . . 1 . 2 . . . Relay Couplers Released 21 | . . . . . 12 . 9 . . . . Machine Destruction 21 | . . . . . 12 . 9 . . . . Attached 6 | . . . . . . 4 . 1 1 . . Robots Rewired 3 | . . . . . . . . . 3 . . Allies Hacked . | . . . . . . . . . . . . Hacks Repelled . | . . . . . . . . . . . . Allies | -11 -10 -9 -8 -7 -7 -6 -6 -6 -6 -6 -6 -------- Run | Scr Mat Mat Mat Fac Gar Fac Gar Fac Low Zio Dee Total Allies 17 | . . . . . . 9 . 2 5 1 . Largest Group 6 | . . . . . . 3 1 1 6 6 1 Highest-Rated Group 166 | . . . . . . 87 37 32 166 166 95 Highest-Rated Ally 99 | . . . . . . 41 37 32 32 99 95 Total Orders 31 | . . . . . . 7 1 1 15 6 1 STAY 11 | . . . . . . 2 . 1 7 1 . ROAM 1 | . . . . . . . . . . 1 . FOLLOW 9 | . . . . . . 1 . . 7 1 . AID 5 | . . . . . . 4 1 . . . . DROP 2 | . . . . . . . . . 1 1 . EXPLORE 2 | . . . . . . . . . . 1 1 RETURN 1 | . . . . . . . . . . 1 . Ally Attacks 126 | . . . . . . 18 . 1 11 80 16 Total Damage 3853 | . . . . . . 408 . 57 231 2610 547 Kills 59 | . . . . . . 2 . . 4 44 9 Allies Corrupted . | . . . . . . . . . . . . Allies Melted . | . . . . . . . . . . . . Intel | -11 -10 -9 -8 -7 -7 -6 -6 -6 -6 -6 -6 ------- Run | Scr Mat Mat Mat Fac Gar Fac Gar Fac Low Zio Dee Robot Analysis Total 2 | . 1 1 . . . . . . . . . Derelict Logs Recovered 2 | . . . . . . . . . 2 . . Drone Launches 2 | . . . . . . . . . . 1 1 Drone Recoveries 2 | . . . . . . . . . . 1 1 Exploration | -11 -10 -9 -8 -7 -7 -6 -6 -6 -6 -6 -6 ------------- Run | Scr Mat Mat Mat Fac Gar Fac Gar Fac Low Zio Dee Turns Passed 10560 | 50 260 945 377 58 1384 1844 975 310 1420 2232 705 Spaces Moved 5862 | 47 211 546 232 38 715 1183 517 180 1018 868 307 Core 21 | 21 . . . . . . . . . . . Treads . | . . . . . . . . . . . . Legs 5337 | 5 . 490 232 38 715 967 517 180 1018 868 307 Wheels 504 | 21 211 56 . . . 216 . . . . . Hover . | . . . . . . . . . . . . Flight . | . . . . . . . . . . . . Fastest Speed 50 | 50 90 90 126 126 120 100 120 120 120 120 123 Average Speed 124 | 75 90 125 128 126 137 121 129 120 120 131 129 Slowest Speed 180 | 120 90 130 130 126 180 180 150 120 120 160 160 Overloaded Moves . | . . . . . . . . . . . . Propulsion Burnouts . | . . . . . . . . . . . . Robots Hopped . | . . . . . . . . . . . . Cave-ins Triggered . | . . . . . . . . . . . . Exploration Rate (%) 37 | 3 39 47 24 1 57 21 72 4 90 45 47 Regions Visited 11 Branch Regions 3 Pre-discovered Areas 1 | . . . . . . . . . 1 . . Known Exits Taken 7 | . . 1 1 1 . 1 . 1 1 1 . Unknown Exits Taken 2 | 1 1 . . . . . . . . . . Scrap Searched 2 | . . . . . . . . . 2 . . Spaces Dug 29 | . . . . . . . . . 29 . . Terrain Destroyed 294 | . . . . . 19 91 32 . 53 64 35 Melee . | . . . . . . . . . . . . Projectile 9 | . . . . . 1 1 7 . . . . AOE 285 | . . . . . 18 90 25 . 53 64 35 Terrain Rammed . | . . . . . . . . . . . . Walls Destroyed . | . . . . . . . . . . . . Machines Disabled . | . . . . . . . . . . . . Actions | -11 -10 -9 -8 -7 -7 -6 -6 -6 -6 -6 -6 --------- Run | Scr Mat Mat Mat Fac Gar Fac Gar Fac Low Zio Dee Total 8354 | 59 247 688 288 48 926 1502 672 264 1199 1857 604 Wait 1657 | 1 12 50 25 . 35 162 11 61 142 875 283 Move 5852 | 46 210 545 231 38 714 1182 516 179 1017 867 307 Hop . | . . . . . . . . . . . . Pick Up 97 | 6 4 9 5 4 14 25 14 5 3 8 . Fast Attach 50 | 2 . 4 5 1 11 10 4 . 3 10 . Attach 71 | 2 3 3 2 3 10 27 11 6 1 3 . Detach 16 | . . . 1 . 1 8 3 1 2 . . Swap 46 | 2 . 4 . . 7 9 4 1 10 4 5 Drop 61 | . 1 11 6 2 7 10 9 1 3 9 2 Fire 462 | . 17 62 13 . 102 69 91 9 18 76 5 Melee . | . . . . . . . . . . . . Ram . | . . . . . . . . . . . . Kick . | . . . . . . . . . . . . Crush . | . . . . . . . . . . . . Escape Stasis 34 | . . . . . 25 . 9 . . . . Rewire 1 | . . . . . . . . 1 . . . Trap 7 | . . . . . . . . . . 5 2 Miscellaneous . | . . . . . . . . . . . . Route ------- -11/Scrapyard -10/Materials -9/Materials (discovered 5 exits: *Mat x3 / *Min x2) -8/Materials (discovered 3 exits: *Fac x3) -7/Factory -7/Garrison (discovered 2 exits: *Fac x2) -6/Factory -6/Garrison (discovered 3 exits: *Fac x3) -6/Factory -6/Lower Caves (discovered 2 exits: [*Low] / *Zio) -6/Zion (discovered 2 exits: *Dee / [*Pro]) -6/Deep Caves History --------- Turn | Location | Event 4 | -11/Scrapyard | Discovered new exit (range 16) 51 | -11/Scrapyard | Entered Materials 213 | -10/Materials | Discovered new exit (range 16) 307 | -10/Materials | Build established: Mutant 311 | -10/Materials | Entered another Materials area 311 | -9/Materials | Evolved 2 slots: Utility x2 497 | -9/Materials | Identified exit to Mines 870 | -9/Materials | Identified exit to Materials 1256 | -9/Materials | Entered another Materials area 1256 | -8/Materials | Evolved 2 slots: Propulsion x1, Utility x1 1339 | -8/Materials | Identified exit to Factory 1633 | -8/Materials | Entered Factory 1633 | -7/Factory | Evolved 2 slots: Utility x2 1691 | -7/Factory | Identified exit to Garrison 1691 | -7/Factory | Entered Garrison 1712 | -7/Garrison | Triggered checkpoint 1931 | -7/Garrison | Triggered checkpoint 1931 | -7/Garrison | Garrison Relay disabled 1936 | -7/Garrison | Build established: Hacker-Mutant 1990 | -7/Garrison | Triggered checkpoint 2072 | -7/Garrison | Lost 6 parts (2n3u1w) 2365 | -7/Garrison | Triggered checkpoint 2454 | -7/Garrison | Triggered checkpoint 2503 | -7/Garrison | Lost 5 parts (1p1n1u2w) 2531 | -7/Garrison | Build established: Scavenger-Mutant 2533 | -7/Garrison | Garrison Relay disabled 2584 | -7/Garrison | Discovered new exit (range 10) 2682 | -7/Garrison | Core integrity fell below 50% 2738 | -7/Garrison | Lost 4 parts (1p1n2w) 2892 | -7/Garrison | Triggered checkpoint 2967 | -7/Garrison | Garrison Relay disabled 3043 | -7/Garrison | Discovered new exit (range 10) 3068 | -7/Garrison | Installed Relay Interface Framework 3075 | -7/Garrison | Entered Factory 3075 | -6/Factory | Evolved 2 slots: Utility x2 3425 | -6/Factory | First assault squad dispatched 3467 | -6/Factory | Lost 3 parts (2n1u) 3711 | -6/Factory | Fabricated M-28 Smith (x1) 3732 | -6/Factory | P-60 Hacker assimilated allied Smith 5a 4441 | -6/Factory | Build established: Mutant 4875 | -6/Factory | Identified exit to Garrison 4919 | -6/Factory | Entered Garrison 4919 | -6/Garrison | Accompanied by 1 ally 4948 | -6/Garrison | Triggered checkpoint 4989 | -6/Garrison | Garrison Relay disabled 5093 | -6/Garrison | Spotted B-75 Beast 5142 | -6/Garrison | Destroyed 10 combat bots 5209 | -6/Garrison | Destroyed B-75 Beast 5409 | -6/Garrison | Discovered new exit (range 9) 5468 | -6/Garrison | Triggered checkpoint 5504 | -6/Garrison | Core integrity fell below 50% 5529 | -6/Garrison | Garrison Relay disabled 5610 | -6/Garrison | Lost 3 parts (1n1u1w) 5646 | -6/Garrison | Triggered checkpoint 5646 | -6/Garrison | Triggered checkpoint 5676 | -6/Garrison | Destroyed 8 combat bots 5684 | -6/Garrison | Triggered checkpoint 5768 | -6/Garrison | Discovered new exit (range 11) 5808 | -6/Garrison | Build established: Bothacker-Mutant 5866 | -6/Garrison | Discovered new exit (range 12) 5879 | -6/Garrison | Identified exit to Factory 5890 | -6/Garrison | Expanded RIF knowledge: Threat Obfuscation 5894 | -6/Garrison | Entered Factory 5928 | -6/Factory | Discovered new exit (range 15) 6063 | -6/Factory | Identified exit to Lower Caves 6204 | -6/Factory | Entered Lower Caves 6204 | -6/Lower Caves | Accompanied by 1 ally 6374 | -6/Lower Caves | Build established: Scavenger-Mutant 6438 | -6/Lower Caves | Found Prototype Device 6438 | -6/Lower Caves | Identified Heart of Steel 6802 | -6/Lower Caves | Attacked by a delusional Derelict stockpiling Unaware 7135 | -6/Lower Caves | Build established: Commander-Mutant 7175 | -6/Lower Caves | Learned 4 Factory zone layouts 7176 | -6/Lower Caves | Learned location of Extension (-4) 7213 | -6/Lower Caves | A Derelict revealed a hidden shortcut to a safe place 7331 | -6/Lower Caves | Discovered new exit (range 10) 7440 | -6/Lower Caves | Encountered a Warlord checkpoint 7538 | -6/Lower Caves | Identified exit to Zion 7624 | -6/Lower Caves | Entered Zion 7624 | -6/Zion | Accompanied by 6 allies 7641 | -6/Zion | Given A8's code to call for help 7663 | -6/Zion | Given the Hacking Drone Bay 7663 | -6/Zion | Found Prototype Device 7665 | -6/Zion | Identified Hacking Drone Bay 7697 | -6/Zion | Received a visual enhancement algorithm 7737 | -6/Zion | Discovered new exit (range 16) 7761 | -6/Zion | System corruption cleaned by Quarantine Array 7766 | -6/Zion | RIF detected upon attempting to enter Zion 7766 | -6/Zion | Attacked by Zionites 7766 | -6/Zion | Spotted XW-EEL(B) 7766 | -6/Zion | Spotted FB-RRW(B) 7770 | -6/Zion | Allies destroyed FB-RRW(B) 7780 | -6/Zion | Allies destroyed XW-EEL(B) 8089 | -6/Zion | Destroyed Imprinter 8096 | -6/Zion | Extracted access codes from Imprinter's data core 8151 | -6/Zion | Build established: Mutant 8227 | -6/Zion | Found Prototype Device 8227 | -6/Zion | Identified Mobile Refinery Mk. CCLXVII 8495 | -6/Zion | Build established: Scavenger-Mutant 9381 | -6/Zion | Heart of Steel transformed into Warbot 9701 | -6/Zion | Core integrity fell below 20% 9752 | -6/Zion | Opened final containment barrier to the Deep Caves 9772 | -6/Zion | Discovered new exit (range 3) 9772 | -6/Zion | Saw the warning signs outside the Deep Caves entrance 9850 | -6/Zion | Identified exit to Deep Caves 9856 | -6/Zion | Entered Deep Caves 9856 | -6/Deep Caves | Accompanied by 1 ally (Warbot) 9906 | -6/Deep Caves | Z-Facility disabled 10561 | -6/Deep Caves | Destroyed by AW-PCG(z) with Zionite Laser-S Last Messages --------------- 10468_ GO-BLR(z) destroyed. 10473_ System corrupted: Heat flow error (+142). 10475_ Warbot: "WARLORD FOREVER!" 10482_ The unstable cave ceiling collapses. 10488_ System corrupted: Matter fused (-5). 10489_ Acquired 29 matter. 10492_ Warbot: "WARLORD FOREVER!" 10492_ Acquired 30 matter. 10493_ The unstable cave ceiling collapses. 10495_ Acquired 38 matter. 10509_ The unstable cave ceiling collapses. 10526_ System corrupted: Component data lost. 10537_ Imp. Transmission Jammer destroyed. 10542_ Lrn. Missile Launcher destroyed. 10546_ Dropped Fire Trap. 10547_ Installed Fire Trap. 10550_ System corrupted: Energy discharge (-48). 10551_ Warbot destroyed. 10554_ Carbon-fiber Leg destroyed. [Achievement: Tester] Map ----- +----------------------------------------------------+ | ????????? ?? | | ???????? ??? | | ???????? ""???? """""" | | ??????? """"??"""""""" | | ??????? """"??"""""""" | | ??????? """"?""""""""" | | ?????? """"?"""""" | | ?????? """"?""""""""" | | ????? """""""""""""" | | ????? """""""""""""" | | ????? """"""""""""" | | ????? """""""""="*" | | ????? !%! """""""""%=%! | | ????? z """""""" =!* | | ?????? """"""""" ! | | ?????? z """""""""= | | ?????? ^ """"""""""" * | | ?????? """""""""""""%= | | ?????? """""" | | ??????? """""" """ | | ??????? """""" """"" | | ?????? """""" """"""" | | ?????? """"" """"""" | | ?????? """" """"""" | | ?????? """" """"" | | ????? @"""" """ | | ????? """" / | | ????? """""""""""% | | ???? """""""" = | | ???? | | ???? | | ??? | | ??? | | ?? | | ?? | | ?? ##### | | ?? ####???### | | ?? ## ## # ##????????### | | ??? # # ### #####???????????? | | ????#### ?# #########?## ##???????????????? | | ???????????????????????#### #####????????????????? | | | | | | | | | | | | | | | | | | | +----------------------------------------------------+ Best States ------------- Heat Dissipation 51 Energy Generation 17 Energy Capacity 290 Matter Stores 300 Matter Capacity 300 Sight Range 16 Robot Scan Range 22 Terrain Scan Density 10 ECM Strength 2 Jamming Range 12 Armor Coverage 450 Propulsion Shielding 66 Weapon Cycling 15 Evasion (%) 50 Targeting Accuracy 15 Offensive Hacking 20 Defensive Hacking 11 Relay Coupler Types 54 Relay Coupler Value 3 Item Schematics ----------------- Titanium Leg | -9/Materials | Scanalyzed Recalibrator | -9/Materials | Scanalyzed Robot Schematics ------------------ None Fabricated ------------ M-28 Smith | x1 | -6/Factory | Preloaded Alien Tech Used ----------------- None Achievements -------------- Monster Signs Are For Wimps Tester Total Silence Challenges ------------ None Game ------ Seed BurstSpreadKatana Manual? 0 Play Time 02:13:45 Cumulative 72.5 hours Start 2021.02.06 @ 18:57:13 End 2021.02.06 @ 21:12:58 Sessions 1 Manual Loads 0 Difficulty Rogue Special Mode None Game No. 89 Rogue 89 Adventurer 0 Explorer 0 Win Type - Total 0 Types 0/0/0/0/0/0/0/0/0 Lore% 43 Gallery% 50 Achievement% 29 Wizard Run 0 Options --------- ASCII 0 Keyboard 0 Movement Mouse Keybinds 0 Fullscreen 1 Font 18/Smallcaps Map View 76x50 Tactical HUD 1 Map Filters NONE Filters NONE Steam 1 RUN: da486362-1d0f-4a7b-a14d-c8b3846e29d5